 Dungeon Crawl Stone Soup version 0.21-a0-516-gaaff437 (webtiles) character file.

141325 4thArraOfDagon the Brawler (level 16, -6/158 HPs)
             Began as a Troll Wanderer on Dec 3, 2017.
             Was an Elder of Cheibriados.
             Shot with a bolt by a naga sharpshooter (9 damage)
             ... on level 1 of the Snake Pit.
             The game lasted 01:12:35 (12096 turns).

4thArraOfDagon the Brawler (Troll Wanderer)        Turns: 12096, Time: 01:12:37

Health: -6/158     AC:  3    Str: 33    XL:     16   Next: 77%
Magic:  0/18       EV: 20    Int: 22    God:    Cheibriados [****..]
Gold:   1125       SH:  6    Dex: 21    Spells: 17/26 levels left

rFire    + . .     SeeInvis .     - Unarmed
rCold    + . .     Gourm    +   (no shield)
rNeg     + . .     Faith    .   Q - +0 troll leather armour
rPois    +         Spirit   .   Z - -2 hat of the Alchemist {rElec rPois rF+ rC+ rN+ MR+ rMut rCorr}
rElec    +         Reflect  +   (no cloak)
rCorr    +         Harm     .   (gloves unavailable)
rMut     +         Clarity  +   (boots unavailable)
MR       ++...                  P - +6 amulet of reflection
Stlth    ++........             i - +2 ring of evasion
HPRegen  1.56/turn              c - +1 ring of slaying
MPRegen  0.16/turn

@: lethally poisoned (-6 -> -6), studying Armour, very slow
A: large, unfitting armour, claws 3, talons 1, blurry vision 1, clarity,
deformed body, fast metabolism 3, gourmand, low mp 2, poison resistance,
regeneration 2, shaggy fur 1, tough skin 2
a: Bend Time, Temporal Distortion, Slouch, Renounce Religion


You were on level 1 of the Snake Pit.
You worshipped Cheibriados.
Cheibriados was greatly pleased with you.
You were full.

You visited 5 branches of the dungeon, and saw 27 of its levels.
You also visited: Bailey and Volcano.

You collected 3034 gold pieces.
You spent 1909 gold pieces at shops.

Inventory:

Hand Weapons
 r - a +0 giant club
 z - the cursed +2 whip of Midsummer {vamp, Str+2, unknown}
   (You found it on level 7 of the Dungeon)

   It inflicts no extra harm, but heals its wielder when it wounds a living foe.
   It affects your strength (+2).
   It has a curse placed upon it.
Armour
 Q - a +0 troll leather armour (worn)
 Y - a +1 robe of positive energy
 Z - the -2 hat of the Alchemist (worn) {rElec rPois rF+ rC+ rN+ MR+ rMut rCorr}
   (You bought it in a shop on level 2 of the Orcish Mines)

   It protects you from fire.
   It protects you from cold.
   It insulates you from electricity.
   It protects you from poison.
   It protects you from negative energy.
   It affects your resistance to hostile enchantments.
   It protects you from acid and corrosion.
   It protects you from mutation.
Magical Staves
 x - an uncursed staff of earth {unknown}
 N - an uncursed staff of wizardry {unknown}
Jewellery
 c - a +1 ring of slaying (right claw)
 g - an uncursed ring of wizardry
 i - a +2 ring of evasion (left claw)
 j - an uncursed amulet of magic regeneration
 y - an uncursed ring of protection from fire
 M - an uncursed ring of protection from fire
 P - a +6 amulet of reflection (around neck)
 U - an uncursed ring of flight
 W - an uncursed ring of protection from cold
 X - an uncursed ring of protection from magic
Wands
 a - a wand of scattershot (4)
 l - a wand of enslavement (8)
 A - a wand of disintegration (13)
 G - a wand of acid (10)
 J - a wand of polymorph (9)
 L - a wand of digging (29)
 S - a wand of paralysis (28)
Scrolls
 b - 2 scrolls of blinking
 d - 9 scrolls of immolation {unknown}
 h - 5 scrolls of identify
 k - 3 scrolls of magic mapping
 m - 2 scrolls of fog
 n - 4 scrolls of enchant armour {unknown}
 t - 14 scrolls of teleportation
 v - 6 scrolls of remove curse
 B - 2 scrolls of amnesia
 V - 3 scrolls of torment
Potions
 o - 4 potions of brilliance
 q - a potion of flight {unknown}
 s - 9 potions of might
 u - 3 potions of lignification
 C - a potion of berserk rage
 D - 13 potions of curing
 E - 3 potions of agility
 I - 3 potions of cancellation
 O - 2 potions of heal wounds
Books
 R - a manual of Armour
Miscellaneous
 e - a lightning rod (1/4)
 w - a phantom mirror
 H - a phial of floods
 K - a box of beasts
 T - a sack of spiders
Comestibles
 f - 12 bread rations
 p - 11 royal jellies
 F - 5 meat rations


   Skills:
 - Level 10.1 Fighting
   Level 1.5 Long Blades
 - Level 10.0 Dodging
 - Level 2.1 Stealth
   Level 1.0 Shields
 - Level 20.1 Unarmed Combat
 + Level 5.7 Spellcasting
 - Level 3.5 Translocations
 - Level 10.0 Invocations


You had 17 spell levels left.
You knew the following spells:

 Your Spells              Type           Power        Failure   Level  Hunger
a - Apportation           Tloc           ###...       2%          1    None
b - Passwall              Tmut/Erth      #.........   16%         2    None
c - Iron Shot             Conj/Erth      #.........   100%        6    #######


Dungeon Overview and Level Annotations

Branches:
Dungeon (15/15)            Temple (0/1) D:5            Lair (6/6) D:8
  Snake (1/4) Lair:3        Slime (0/5) Lair:6          Orc (2/2) D:10
    Elf (3/3) Orc:2
  Swamp: Lair:2-4    Shoals: Lair:2-4    Vaults: D:13-14     Depths: D:15

Altars:
Ashenzari
Cheibriados
Dithmenos
Fedhas
Gozag
Kikubaaqudgha
Makhleb
Sif Muna
Trog
Vehumet
Wu Jian
Xom
Yredelemnul
Zin
The Shining One
Jiyva

Shops:
D:4 [   D:5 ?   D:6 *   D:9 !   Orc:1 *}!}   Orc:2 }[}*   Elf:1 *   Elf:2 !
Elf:3 }[=

Annotations:
D:9 exclusion: 2 oklob plants
Lair:1 exclusion: oklob plant
Elf:2 3 runed doors, Aviak's ghost, adept TrTm


Innate Abilities, Weirdness & Mutations

You are too large for most types of armour.
You have claws for hands.
Your metabolism is lightning-fast.
You like to eat raw meat.
You heal very quickly.
You are covered in fur. (AC +1)
You have very tough skin. (AC +2)
You have sharp toenails.
Scrolls take you a little longer to read.
You possess an exceptional clarity of mind.
Armour fits poorly on your strangely shaped body.
Your magical capacity is very low. (-20% MP)
Your system is resistant to poisons. (rPois)


Message History

The bolt hits you!
* * * LOW HITPOINT WARNING * * *
Unknown command.
Unknown command.
Unknown command.
Really read with blurry vision while enemies are nearby?
The naga sharpshooter shoots an arrow.
The arrow hits you!
* * * LOW HITPOINT WARNING * * *
The naga sharpshooter spits poison at you.
The splash of poison misses you.
You begin reading the scroll.
You continue reading the scroll.
You feel sick.
The naga sharpshooter mumbles some strange words.
The naga sharpshooter magically shoots a bolt.
The bolt hits you!!
* * * LOW HITPOINT WARNING * * *
The naga sharpshooter mumbles some strange words.
The naga sharpshooter magically shoots a bolt.
The bolt hits you!
You die...

..................
.......>..........
.###.............. .#
.###.............. .#
..###............. .#
...####.....##### N#
.....##......## .#
.....##.......#### .##
....)#..######.N@##)N#
...).†..# ##.NN(#
.[......######..(N##
)...#.......N...####...######..
...................#...>...N...
...............................
...............................
.............................
.........................$.


You could see a naga warrior and 4 naga sharpshooters.

Vanquished Creatures
  2 deep elf blademasters (Elf:3)
  2 deep elf master archers (Elf:3)
  Asterion (Elf:1)
  4 deep elf sorcerers (Elf:3)
  5 deep elf elementalists (Elf:3)
  4 deep elf demonologists (Elf:3)
  6 deep elf annihilators
  A dire elephant (Lair:6)
  5 deep elf death magi (Elf:3)
  A hydra (Lair:6)
  An ogre mage (Orc:2)
  3 catoblepae
  5 two-headed ogres
  A centaur warrior (D:14)
  8 death yaks
  8 dancing weapons
  A deep troll shaman (Lair:6)
  A small abomination (Elf:3)
  A naga sharpshooter (Snake:1)
  Nergalle (D:12)
  2 shock serpents (Snake:1)
  5 deep elf knights
  6 skeletal warriors
  A storm dragon skeleton (Lair:6)
  A death drake (shapeshifter) (Elf:1)
  5 wizards (Volcano)
  2 deep trolls (Orc:1)
  A flayed ghost (Elf:3)
  3 deep elf archers
  Pikel (D:5)
  2 wolf spider zombies
  2 phantasmal warriors
  An orc knight (Orc:1)
  An orb spider (shapeshifter) (D:14)
  26 deep elf magi
  7 ugly things
  3 slime creatures (D:13)
  An orc sorcerer (Elf:3)
  2 cyclopes (Orc:2)
  5 toenail golems (Volcano)
  17 elephants
  3 naga magi (Snake:1)
  A centaur skeleton (D:14)
  10 spiny frogs
  Joseph (Lair:1)
  5 black mambas
  2 torpor snails
  A gargoyle (D:13)
  A kobold demonologist (D:12)
  7 komodo dragons
  3 rime drakes
  A meliai (D:15)
  2 polar bears
  A queen bee (D:10)
  8 trolls
  14 blink frogs
  8 hippogriffs
  16 dream sheep
  2 air elementals
  17 flying skulls
  4 vampires
  A shadow (D:11)
  3 wyverns
  47 yaks
  The ghost of Thaneod the Bolt Thrower, an amateur MiHu of Okawaru (D:3)
  5 wraiths
  A fire elemental (Elf:1)
  2 hungry ghosts
  4 wargs
  Grum (D:11)
  Menkaure (D:5)
  10 nagas
  13 water moccasins
  6 porcupines
  A hornet zombie (D:13)
  18 orc warriors
  3 sky beasts
  3 ice beasts
  4 phantoms
  4 black bears
  2 necrophages
  19 ogres
  16 wolves
  9 centaurs
  13 crocodiles
  2 big kobolds
  10 bullfrogs
  An earth elemental (Elf:1)
  4 scorpions
  A troll zombie (D:10)
  20 killer bees
  A vampire bat (D:8)
  4 wights (D:8)
  An electric eel (Lair:1)
  2 howler monkeys (D:11)
  5 crimson imps
  A quasit (D:11)
  A bullfrog zombie (D:5)
  11 orc priests
  2 jellies
  15 orc wizards
  A bullfrog skeleton (D:5)
  5 hounds
  An iguana (D:8)
  16 worker ants
  6 ogre zombies (D:10)
  A hound zombie (D:11)
  The ghost of 4thArraOfDagon the Sneak, a weakling HaWn of Hepliaklqana (D:5)
  A mummy (D:7)
  3 gnolls (D:3)
  7 adders
  5 shadow imps
  An adder zombie (D:5)
  A worm (D:5)
  A dart slug (D:3)
  5 leopard geckos
  54 orcs
  7 bats
  5 bat skeletons (D:8)
  2 giant cockroaches
  5 goblins
  3 hobgoblins
  11 jackals (D:5)
  10 kobolds
  6 quokkas
  3 frilled lizards
  A goblin skeleton (D:10)
  3 goblin zombies (D:10)
  2 hobgoblin skeletons (D:10)
  A hobgoblin zombie (D:10)
  A leopard gecko skeleton (D:6)
  5 orc skeletons
  8 orc zombies (D:10)
  A quokka skeleton (D:5)
  3 rats
716 creatures vanquished.

Vanquished Creatures (collateral kills)
  Louise (Elf:1)
  A stone giant (Orc:2)
  An ettin (Orc:1)
  Erica (D:10)
  9 two-headed ogres
  2 dancing weapons
  An ogre mage (Orc:1)
  3 deep elf knights (Elf:2)
  2 deep elf archers
  2 ugly things
  9 deep elf magi
  A centaur skeleton (D:14)
  A troll (Orc:1)
  A slime creature (D:13)
  An air elemental (Elf:2)
  A yak (D:13)
  A hungry ghost (D:10)
  A steam dragon (D:14)
  A basilisk (D:14)
  3 orc warriors
  2 sky beasts
  A phantom (D:10)
  3 ogres
  2 wolves (D:11)
  6 centaurs
  2 big kobolds (D:12)
  An earth elemental (Elf:2)
  A bullfrog (D:14)
  3 killer bees
  A wight (D:8)
  A quasit (D:13)
  3 crimson imps
  A hound (D:10)
  An orc priest (Orc:2)
  2 orc wizards
  An ogre zombie (D:10)
  An adder (D:11)
  A shadow imp (D:10)
  17 orcs
  7 kobolds
  A goblin zombie (D:10)
  An orc skeleton (D:10)
  4 orc zombies (D:10)
106 creatures vanquished.

Vanquished Creatures (others)
  A phantasmal warrior (D:13)
  A deep elf mage (Elf:1)
  6 wraiths
  2 vampires
  A two-headed ogre zombie (Orc:2)
  A troll zombie (Orc:2)
  2 troll skeletons
  A wight (D:11)
  A howler monkey (D:10)
  2 centaur zombies (Bailey)
  2 ogre zombies
  An ogre skeleton (Orc:2)
  2 mummies
  3 orc skeletons (Orc:2)
  11 orc zombies
  5 fungi
  3 plants
45 creatures vanquished.

Grand Total: 867 creatures vanquished

Notes
Turn   | Place    | Note
-------+----------+-------------------------------------------
     0 | D:1      | 4thArraOfDagon the Troll Wanderer began the quest for the Orb.
     0 | D:1      | 4thArraOfDagon set off with: a +2 dagger, a scroll of blinking, a +0 short sword, a potion of lignification, a +0 robe, 2 bread rations
     0 | D:1      | Reached XP level 1. HP: 19/19 MP: 0/0
    52 | D:2      | Reached skill level 1 in Unarmed Combat
   115 | D:2      | Reached XP level 2. HP: 24/27 MP: 1/1
   170 | D:2      | Found a faded altar of an unknown god.
   185 | D:2      | Became a worshipper of Yredelemnul the Dark
   185 | D:2      | Reached * piety under Yredelemnul
   192 | D:2      | Reached skill level 2 in Unarmed Combat
   469 | D:3      | Reached XP level 3. HP: 32/33 MP: 2/2
   487 | D:3      | Reached skill level 3 in Unarmed Combat
   524 | D:3      | Reached XP level 4. HP: 31/41 MP: 3/3
   535 | D:3      | Reached skill level 4 in Unarmed Combat
   609 | D:3      | Found a shattered altar of Ashenzari.
   626 | D:3      | Noticed Thaneod's ghost (amateur MiHu)
   648 | D:3      | Killed Thaneod's ghost
   648 | D:3      | Reached skill level 6 in Unarmed Combat
   648 | D:3      | Reached XP level 5. HP: 30/48 MP: 4/4
   648 | D:3      | Reached XP level 6. HP: 35/55 MP: 5/5
   846 | D:4      | Reached ** piety under Yredelemnul
   854 | D:4      | Reached skill level 7 in Unarmed Combat
   872 | D:4      | Reached XP level 7. HP: 11/62 MP: 6/6
   903 | D:4      | Found Johes's Armour Boutique.
  1234 | D:5      | Entered Level 5 of the Dungeon
  1245 | D:5      | Reached skill level 8 in Unarmed Combat
  1267 | D:5      | Found a shadowy altar of Dithmenos.
  1275 | D:5      | Noticed 4thArraOfDagon's ghost (weakling HaWn)
  1290 | D:5      | Killed 4thArraOfDagon's ghost
  1337 | D:5      | Found a glowing golden altar of the Shining One.
  1365 | D:5      | Noticed Pikel
  1409 | D:5      | Killed Pikel
  1409 | D:5      | Reached skill level 10 in Unarmed Combat
  1409 | D:5      | Reached XP level 8. HP: 41/70 MP: 7/7
  1483 | D:5      | Found Ethrinent's Magic Scroll Shop.
  1483 | D:5      | Found a staircase to the Ecumenical Temple.
  1500 | D:5      | Reached *** piety under Yredelemnul
  1519 | D:5      | Noticed Menkaure
  1522 | D:5      | Killed Menkaure
  1565 | D:5      | Bought a scroll of teleportation for 42 gold pieces
  1565 | D:5      | Bought a scroll of identify for 28 gold pieces
  1603 | D:5      | Reached skill level 11 in Unarmed Combat
  1693 | D:6      | Found a runed door.
  1803 | D:6      | Reached XP level 9. HP: 56/76 MP: 8/8
  1818 | D:6      | Found Figimaa's General Store.
  1821 | D:6      | Bought a scroll of teleportation for 39 gold pieces
  1903 | D:6      | Received a gift from Yredelemnul (a mummy)
  1932 | D:7      | Reached skill level 12 in Unarmed Combat
  1942 | D:7      | Found a burning altar of Makhleb.
  1942 | D:7      | Noticed a balrug
  2065 | D:7      | Got an iridescent whip
  2086 | D:7      | Learned a level 1 spell: Apportation
  2095 | D:7      | Found a snail-covered altar of Cheibriados.
  2183 | D:8      | Found an opulent altar of Gozag.
  2196 | D:8      | Noticed a two-headed ogre
  2274 | D:9      | Noticed a two-headed ogre
  2282 | D:9      | Killed a two-headed ogre
  2282 | D:9      | Reached skill level 13 in Unarmed Combat
  2292 | D:9      | Reached XP level 10. HP: 85/85 MP: 9/11
  2292 | D:9      | Received a gift from Yredelemnul (a mummy)
  2297 | D:9      | Reached **** piety under Yredelemnul
  2386 | D:9      | Found Coureo's Distillery.
  2397 | D:9      | Bought a potion of lignification for 39 gold pieces
  2397 | D:9      | Bought a potion of mutation for 104 gold pieces
  2397 | D:9      | Bought 2 potions of berserk rage for 130 gold pieces
  2397 | D:9      | Bought a potion of curing for 39 gold pieces
  2397 | D:9      | Bought a potion of agility for 52 gold pieces
  2466 | D:9      | Found a blossoming altar of Fedhas.
  2468 | D:9      | Noticed an oklob plant
  2468 | D:9      | Noticed an oklob plant
  2491 | D:9      | Gained mutation: You tend to lose your temper in combat. [mutagenic meat]
  2492 | D:9      | Gained mutation: You have large cloven feet. [mutagenic meat]
  2494 | D:9      | Gained mutation: Scrolls take you a little longer to read. [mutagenic meat]
  2598 | D:8      | Received a gift from Yredelemnul (a wraith)
  2646 | D:8      | Reached skill level 14 in Unarmed Combat
  2683 | D:8      | Found a staircase to the Lair.
  2854 | D:8      | Found a deep blue altar of Sif Muna.
  2858 | D:8      | Found a bloodstained altar of Trog.
  2858 | D:8      | Found a glowing silver altar of Zin.
  2920 | D:8      | Found an ancient bone altar of Kikubaaqudgha.
  3055 | D:9      | Found a shimmering altar of Xom.
  3056 | D:9      | Found an ornate altar of the Wu Jian Council.
  3105 | D:10     | Entered Level 10 of the Dungeon
  3122 | D:10     | Received a gift from Yredelemnul (a wraith)
  3178 | D:10     | Reached ***** piety under Yredelemnul
  3195 | D:10     | Found a staircase to the Orcish Mines.
  3197 | D:10     | Reached skill level 5 in Invocations
  3210 | D:10     | Received a gift from Yredelemnul (a vampire)
  3247 | D:10     | Noticed Erica
  3258 | D:10     | Killed Erica
  3331 | D:10     | Received a gift from Yredelemnul (a wight)
  3503 | D:11     | Reached XP level 11. HP: 88/92 MP: 14/14
  3516 | D:11     | Reached skill level 15 in Unarmed Combat
  3551 | D:11     | Received a gift from Yredelemnul (a phantasmal warrior)
  3640 | D:11     | Noticed Grum
  3654 | D:11     | Killed Grum
  3708 | D:11     | Noticed a two-headed ogre
  3713 | D:11     | Killed a two-headed ogre
  3801 | D:11     | Noticed a two-headed ogre
  3807 | D:11     | Killed a two-headed ogre
  3838 | D:11     | Vidiiot: yred is great
  3878 | D:12     | Vidiiot: His allies just soak up your exp
  3930 | D:12     | Noticed a two-headed ogre
  3935 | D:12     | Noticed a brown ugly thing
  3937 | D:12     | Killed a two-headed ogre
  3941 | D:12     | Received a gift from Yredelemnul (a phantasmal warrior)
  3946 | D:12     | Killed a brown ugly thing
  4020 | D:12     | Gained mutation: Your movements are slightly less encumbered by armour. (ER -2) [mutagenic meat]
  4021 | D:12     | Gained mutation: Armour fits poorly on your strangely shaped body. [mutagenic meat]
  4023 | D:12     | Gained mutation: Scrolls take you longer to read. [mutagenic meat]
  4024 | D:12     | Gained mutation: You are covered in thick fur. (AC +2) [mutagenic meat]
  4025 | D:12     | Gained mutation: Your system is resistant to poisons. (rPois) [mutagenic meat]
  4026 | D:12     | Gained mutation: Your muscles are strong. (Str +2) [mutagenic meat]
  4028 | D:12     | Gained mutation: Your spells are a little harder to cast, but a little more powerful. [mutagenic meat]
  4029 | D:12     | Lost mutation: Armour fits poorly on your strangely shaped body. [mutagenic meat]
  4033 | D:13     | Noticed a two-headed ogre
  4041 | D:13     | Noticed a cyan ugly thing
  4050 | D:13     | Killed a cyan ugly thing
  4058 | D:13     | Killed a two-headed ogre
  4068 | D:13     | Reached skill level 16 in Unarmed Combat
  4086 | D:13     | Gained mutation: Your body sometimes deteriorates upon taking damage. [mutagenic meat]
  4099 | D:13     | Found a flagged portal.
  4115 | Bailey   | Entered a bailey
  4456 | Bailey   | Received a gift from Yredelemnul (a wraith)
  4649 | D:13     | Noticed a two-headed ogre
  4655 | D:13     | Gained mutation: Your magical capacity is low. (-10% MP) [mutagenic meat]
  4657 | D:13     | Killed a two-headed ogre
  4660 | D:13     | Reached XP level 12. HP: 96/100 MP: 15/15
  4709 | D:13     | Received a gift from Yredelemnul (a wraith)
  4924 | D:15     | Entered Level 15 of the Dungeon
  4981 | D:15     | Found a bloodstained altar of Trog.
  5038 | D:14     | Noticed a centaur warrior
  5048 | D:14     | Killed a centaur warrior
  5048 | D:14     | Reached skill level 17 in Unarmed Combat
  5058 | D:14     | Lost mutation: Your muscles are strong. (Str +2) [mutagenic meat]
  5225 | D:14     | Lost mutation: Scrolls take you longer to read. [mutagenic meat]
  5227 | D:14     | Lost mutation: Your movements are slightly less encumbered by armour. (ER -2) [mutagenic meat]
  5232 | D:14     | Gained mutation: You heal very quickly. [mutagenic meat]
  5233 | D:14     | Lost mutation: You are covered in thick fur. (AC +2) [mutagenic meat]
  5382 | D:12     | Gained mutation: You are clumsy. (Dex -2) [mutagenic meat]
  5407 | D:12     | Noticed Nergalle
  5416 | D:12     | Killed Nergalle
  5416 | D:12     | Reached ****** piety under Yredelemnul
  5653 | Orc:1    | Entered Level 1 of the Orcish Mines
  5833 | Orc:2    | Entered Level 2 of the Orcish Mines
  5884 | Orc:2    | Noticed a two-headed ogre
  5886 | Orc:2    | Noticed a two-headed ogre
  5920 | Orc:2    | Noticed a two-headed ogre
  5962 | Orc:1    | Thaneod: later --> mak?
  5962 | Orc:1    | Killed a two-headed ogre
  5964 | Orc:1    | Received a gift from Yredelemnul (a wraith)
  5992 | Orc:1    | Killed a two-headed ogre
  6031 | Orc:2    | Noticed an ettin
  6037 | Orc:1    | Killed a two-headed ogre
  6037 | Orc:1    | Gained mutation: You occasionally shout uncontrollably at your foes. [mutagenic glow]
  6045 | Orc:1    | Killed an ettin
  6045 | Orc:1    | Reached skill level 10 in Invocations
  6045 | Orc:1    | Reached XP level 13. HP: 38/117 MP: 17/17
  6103 | Orc:2    | Gained mutation: Your magical capacity is very low. (-20% MP) [mutagenic glow]
  6117 | Orc:2    | Reached skill level 5 in Fighting
  6129 | Orc:1    | Found Nyj Zics's General Store.
  6129 | Orc:1    | Found Teus's Gadget Shoppe.
  6302 | Orc:2    | Received a gift from Yredelemnul (a wraith)
  6438 | Orc:2    | Received a gift from Yredelemnul (a vampire knight)
  6472 | Orc:2    | Found Qionnes's Armour Shop.
  6474 | Orc:2    | Found Arid's Assorted Antiques.
  6475 | Orc:2    | Noticed a stone giant
  6489 | Orc:2    | Killed a stone giant
  6491 | Orc:2    | Found a staircase to the Elven Halls.
  6589 | Orc:2    | Found Gyekkyh's Gadget Emporium.
  6602 | Orc:2    | Found Roahupek's Gadget Shoppe.
  6606 | Orc:2    | Bought the -2 hat of the Alchemist {rElec rPois rF+ rC+ rN+ MR+ rMut rCorr} for 802 gold pieces
  6606 | Orc:2    | Found the -2 hat of the Alchemist {rElec rPois rF+ rC+ rN+ MR+ rMut rCorr}
  6732 | Orc:1    | Found Yshatops's Gadget Shop.
  6755 | Orc:1    | Found Mill's Distillery.
  6766 | Orc:1    | Bought a potion of might for 48 gold pieces
  6827 | Orc:1    | Lost mutation: You have large cloven feet. [potion of mutation]
  6827 | Orc:1    | Lost mutation: Your spells are a little harder to cast, but a little more powerful. [potion of mutation]
  6827 | Orc:1    | Lost mutation: You occasionally shout uncontrollably at your foes. [potion of mutation]
  6827 | Orc:1    | Lost mutation: You tend to lose your temper in combat. [potion of mutation]
  6827 | Orc:1    | Gained mutation: Your body often deteriorates upon taking damage. [potion of mutation]
  6827 | Orc:1    | Lost mutation: Scrolls take you a little longer to read. [potion of mutation]
  6869 | Elf:1    | Entered Level 1 of the Elven Halls
  6883 | Elf:1    | Received a gift from Yredelemnul (a vampire)
  6934 | Elf:1    | Noticed Louise
  6949 | Elf:1    | Killed Louise
  7020 | Elf:1    | Found Nus Ogru's General Store.
  7023 | Elf:1    | Bought 2 scrolls of teleportation for 108 gold pieces
  7023 | Elf:1    | Bought a potion of might for 72 gold pieces
  7153 | Elf:2    | Reached skill level 10 in Fighting
  7221 | Elf:2    | Received a gift from Yredelemnul (a wraith)
  7301 | Elf:2    | Found Viqawneh's Distillery.
  7307 | Elf:2    | Noticed Aviak's ghost (adept TrTm)
  7314 | Elf:3    | Entered Level 3 of the Elven Halls
  7318 | Elf:3    | Found Xeafamall's Jewellery Shoppe.
  7318 | Elf:3    | Found Xonenk's Armour Emporium.
  7326 | Elf:3    | Reached XP level 14. HP: 143/143 MP: 14/16
  7347 | Elf:3    | Found Xuacabov's Gadget Shoppe.
  7639 | D:7      | Fell from the grace of Yredelemnul
  7639 | D:7      | Became a worshipper of Cheibriados the Contemplative
  7712 | Lair:1   | Entered Level 1 of the Lair of Beasts
  7832 | Lair:1   | Noticed Joseph
  7841 | Lair:1   | Killed Joseph
  7863 | Lair:1   | Reached skill level 18 in Unarmed Combat
  7878 | Lair:1   | Reached * piety under Cheibriados
  7887 | Lair:1   | Lost mutation: Your body often deteriorates upon taking damage. [potion of mutation]
  7887 | Lair:1   | Lost mutation: You are clumsy. (Dex -2) [potion of mutation]
  7887 | Lair:1   | Lost mutation: Your body sometimes deteriorates upon taking damage. [potion of mutation]
  7887 | Lair:1   | Gained mutation: You possess an exceptional clarity of mind. [potion of mutation]
  7887 | Lair:1   | Gained mutation: Scrolls take you a little longer to read. [potion of mutation]
  7887 | Lair:1   | Gained mutation: Armour fits poorly on your strangely shaped body. [potion of mutation]
  7887 | Lair:1   | Gained mutation: You have sharp toenails. [potion of mutation]
  8104 | Lair:2   | Reached ** piety under Cheibriados
  8453 | Lair:2   | Reached *** piety under Cheibriados
  8458 | Lair:2   | Reached skill level 1 in Translocations
  9130 | Lair:5   | Reached **** piety under Cheibriados
  9171 | Lair:6   | Entered Level 6 of the Lair of Beasts
  9187 | Lair:6   | Reached skill level 19 in Unarmed Combat
  9208 | Lair:6   | Found a viscous altar of Jiyva.
  9246 | Lair:6   | Found a staircase to the Slime Pits.
  9254 | Lair:6   | Identified a scroll of acquirement
  9330 | Lair:6   | Found a dark tunnel.
  9335 | Volcano  | Entered a volcano
  9409 | Volcano  | Reached XP level 15. HP: 147/147 MP: 17/17
  9492 | Volcano  | Reached ***** piety under Cheibriados
  9855 | Lair:6   | Reached skill level 5 in Dodging
 10084 | Lair:5   | Reached skill level 20 in Unarmed Combat
 10356 | Elf:1    | Noticed Asterion
 10385 | Elf:1    | Killed Asterion
 10762 | Elf:3    | Was forgiven by Yredelemnul
 10820 | Elf:3    | Noticed a deep elf blademaster
 10820 | Elf:3    | Noticed a deep elf master archer
 10821 | Elf:3    | Noticed a deep elf sorcerer
 10831 | Elf:3    | Killed a deep elf sorcerer
 10845 | Elf:3    | HP: 4/149 [deep elf blademaster/rapier (25)]
 10849 | Elf:3    | Killed a deep elf blademaster
 10851 | Elf:3    | HP: 1/223 [deep elf master archer/arrow (21)]
 10852 | Elf:3    | Killed a deep elf master archer
 10939 | Elf:3    | Reached XP level 16. HP: 152/158 MP: 17/17
 10951 | Elf:3    | Noticed a deep elf master archer
 10955 | Elf:3    | Killed a deep elf master archer
 11011 | Elf:3    | Got a fine battleaxe {chop}
 11058 | Elf:3    | Reached skill level 10 in Dodging
 11123 | Elf:3    | Found a radiant altar of Vehumet.
 11125 | Elf:3    | Reached skill level 1 in Spellcasting
 11285 | Elf:3    | Noticed a deep elf blademaster
 11292 | Elf:3    | HP: 4/158 [deep elf blademaster/rapier (16)]
 11293 | Elf:3    | Killed a deep elf blademaster
 11447 | Elf:3    | Identified Wudabeil's Incunabulum of Conjuration
 11454 | Elf:3    | Identified Sif Muna's Volume of Fiery Moulding
 11458 | Elf:3    | Learned a level 2 spell: Passwall
 11504 | Elf:3    | Identified Doerhow's Catalogue of Attacks
 11552 | Elf:3    | Identified the Collected Works on Attacks and Ignition
 11560 | Elf:3    | Learned a level 6 spell: Iron Shot
 11650 | Elf:2    | Found a runed gate.
 11657 | Elf:2    | Found a runed gate.
 11657 | Elf:2    | Found a runed gate.
 11683 | Elf:2    | Bought a potion of might for 56 gold pieces
 11683 | Elf:2    | Bought a potion of heal wounds for 70 gold pieces
 11683 | Elf:2    | Bought a potion of brilliance for 56 gold pieces
 11683 | Elf:2    | Bought a potion of heal wounds for 70 gold pieces
 11683 | Elf:2    | Bought a potion of might for 56 gold pieces
 11683 | Elf:2    | Bought a potion of curing for 42 gold pieces
 11683 | Elf:2    | Bought a potion of brilliance for 56 gold pieces
 11688 | Elf:2    | Reached skill level 5 in Spellcasting
 11871 | Lair:1   | You fall through a shaft!
 11923 | Lair:3   | Found a staircase to the Snake Pit.
 11947 | Snake:1  | Entered Level 1 of the Snake Pit
 12065 | Snake:1  | Identified the Papyrus of Creative Cold
 12096 | Snake:1  | HP: 3/158 [naga sharpshooter/bolt (23)]
 12096 | Snake:1  | Shot with a bolt by a naga sharpshooter

Vault maps used:
D:1:      dpeg_arrival_ternary, grunt_decor_cap, kennysheep_doodads,
          minmay_misc_feat_square, minmay_misc_feat_chi, minivault_23
D:2:      chequers_ecumenical_altar_simple, first_bread
D:3:      ashenzari_altar_1
D:4:      serial_shops, nicolae_shop_statue_plus, minivault_24
D:5:      tso_metal_star, minmay_temple_entry_junction, serial_shops,
          shop_coins, nicolae_dithmenos_shadow_blocks, uniq_pikel, uniq_menkaure
D:6:      serial_shops, kennysheep_mini, lightli_church_of_beogh
D:7:      slow_altar_2, makhleb_altar_promises_db
D:8:      kennysheep_vampire_church, grunt_gozag_breadcrumbs,
          grunt_temple_overflow_open, erik_lair_orcish_takeover
D:9:      gammafunk_temple_overflow_pools, serial_shops, shop,
          hangedman_pestilent_swarm, hangedman_tree_tricks
D:10:     zombieorc2_lemuel, special_room, uniq_erica
D:11:     uniq_grum
D:12:     uniq_nergalle
D:13:     cheibrodos_ideogram_h, lightli_vaults_fourway_checkpoint,
          enter_bailey_2, uniq_rupert, uniq_frances
D:14:     dk_noncrumbling_3
D:15:     grunt_enter_depths_hoard, serial_shops, shop, minmay_misc_feat_room,
          basic_altar
Lair:1:   minmay_lair_oklob_chamber, uniq_joseph
Lair:3:   minmay_swamp_entry_worms, minmay_snake_entry_guardpost_medium,
          grunt_megastairs_3
Lair:4:   serial_bayou_shore_b
Lair:6:   grunt_lair_end_beastmaster, slime_altar_1,
          nicolae_volcano_entry_s_turn, grunt_megastairs_2, serial_bayou_shore_b
Orc:1:    serial_shops, nicolae_shop_statue_plus, nicolae_shop_crystal, shop,
          shop
Orc:2:    st_orc_open, elf_legates
Elf:1:    minmay_elf_arrival_circle, serial_shops, nicolae_shop_window_shopping,
          hangedman_elf_represent, uniq_asterion, uniq_louise
Elf:2:    serial_shops, shop, grunt_ministairs_9
Elf:3:    grunt_elf_hall_diamonds, basic_altar, minmay_shop_star
Bailey:   bailey_polearm_flooded_kennysheep, bailey
Volcano:  volcano_bunker

Skill      XL: |  1  2  3  4  5  6  7  8  9 10 11 12 13 14 15 16 |
---------------+-------------------------------------------------+-----
Unarmed Combat | 1 2 3 6 7 10 11 13 14 16 17 19 20 | 20.1
Invocations    | 2 5 7 10 | 10.0
Fighting       | 4 10 | 10.1
Translocations | 3 |  3.5
Dodging        | 3 8 10 | 10.0
Spellcasting   | 5 |  5.7
Long Blades    | |  1.5
Stealth        | |  2.1
Shields        | |  1.0

Action                   |  1- 3 |  4- 6 |  7- 9 | 10-12 | 13-15 | 16-18 || total
-------------------------+-------+-------+-------+-------+-------+-------++-------
Melee: Unarmed           |    88 |    74 |   222 |   615 |   920 |   164 ||  2083
       Dagger            |     1 |       |       |       |       |       ||     1
       Punch             |     1 |       |     8 |    32 |   104 |    26 ||   171
       Kick              |       |       |       |   126 |   341 |    82 ||   549
Invok: Drain Life        |       |       |       |    10 |     8 |       ||    18
       Animate Dead      |       |       |       |    15 |    13 |       ||    28
       Recall Undead Sla |       |       |       |     3 |     3 |       ||     6
       Temporal Distorti |       |       |       |       |     2 |     2 ||     4
       Slouch            |       |       |       |       |     6 |     4 ||    10
Evoke: Wand              |       |       |     3 |       |     9 |     8 ||    20
       Sack of spiders   |       |       |       |       |     1 |       ||     1
       Lightning rod     |       |       |       |       |       |     4 ||     4
       Box of beasts     |       |       |       |       |       |     1 ||     1
  Use: Potion            |       |     4 |     1 |     4 |    10 |     3 ||    22
       Scroll            |       |       |     5 |     4 |    19 |     2 ||    30
 Stab: Sleeping          |     4 |       |     1 |     1 |     5 |     1 ||    12
       Invisible         |       |       |       |     2 |     7 |     4 ||    13
       Distracted        |       |       |       |     1 |     4 |       ||     5
       Petrified         |       |       |       |       |     3 |       ||     3
       Petrifying        |       |       |       |       |     1 |       ||     1
  Eat: Chunk             |     5 |     4 |    17 |    86 |    40 |     7 ||   159
       Fruit             |       |       |       |       |     3 |       ||     3
       Royal jelly       |       |       |       |       |     1 |       ||     1
Armor: Robe              |    41 |     9 |    43 |   100 |       |       ||   193
       Skin              |       |     4 |    10 |    20 |     2 |       ||    36
       Troll leather arm |       |       |       |    87 |   122 |     6 ||   215
Dodge: Dodged            |    53 |    22 |    68 |   295 |   279 |    89 ||   806
Block: Other             |       |       |       |       |   156 |    27 ||   183
       Reflection        |       |       |       |       |     3 |     7 ||    10

Table legend:
 A = Spawn XP
 B = Non-spawn XP
 C = Spawn XP percentage of total XP
 D = Spawn monster count
 E = Non-spawn monster count
 F = Spawn count percentage of total count
 G = Total turns spent on level
                    A         B        C        D         E        F      G
               +---------+---------+-------+---------+---------+-------+---------
         Total |       0 |  201893 |   0.0 |       0 |     790 |   0.0 | 12096
               +---------+---------+-------+---------+---------+-------+---------
           D:1 |       0 |      16 |   0.0 |       0 |       9 |   0.0 |   153
           D:2 |       0 |      21 |   0.0 |       0 |      13 |   0.0 |   281
           D:3 |       0 |     527 |   0.0 |       0 |      21 |   0.0 |   398
           D:4 |       0 |     317 |   0.0 |       0 |      15 |   0.0 |   402
           D:5 |       0 |    1714 |   0.0 |       0 |      34 |   0.0 |   422
           D:6 |       0 |     647 |   0.0 |       0 |      12 |   0.0 |   269
           D:7 |       0 |     487 |   0.0 |       0 |      11 |   0.0 |   258
           D:8 |       0 |    3205 |   0.0 |       0 |      48 |   0.0 |   684
           D:9 |       0 |    2916 |   0.0 |       0 |      18 |   0.0 |   527
          D:10 |       0 |    2743 |   0.0 |       0 |      68 |   0.0 |   515
          D:11 |       0 |    3105 |   0.0 |       0 |      24 |   0.0 |   411
          D:12 |       0 |    4117 |   0.0 |       0 |      19 |   0.0 |   286
          D:13 |       0 |    4847 |   0.0 |       0 |      34 |   0.0 |   340
          D:14 |       0 |    6499 |   0.0 |       0 |      27 |   0.0 |   480
          D:15 |       0 |    1059 |   0.0 |       0 |       3 |   0.0 |   109
        Lair:1 |       0 |    5334 |   0.0 |       0 |      24 |   0.0 |   379
        Lair:2 |       0 |    9624 |   0.0 |       0 |      40 |   0.0 |   451
        Lair:3 |       0 |    5503 |   0.0 |       0 |      24 |   0.0 |   320
        Lair:4 |       0 |    3853 |   0.0 |       0 |      20 |   0.0 |   327
        Lair:5 |       0 |    8477 |   0.0 |       0 |      27 |   0.0 |   329
        Lair:6 |       0 |   24449 |   0.0 |       0 |      60 |   0.0 |   654
       Snake:1 |       0 |    4882 |   0.0 |       0 |      11 |   0.0 |   149
         Orc:1 |       0 |    7207 |   0.0 |       0 |      37 |   0.0 |   700
         Orc:2 |       0 |    9374 |   0.0 |       0 |      47 |   0.0 |   592
         Elf:1 |       0 |   20037 |   0.0 |       0 |      34 |   0.0 |   607
         Elf:2 |       0 |   13482 |   0.0 |       0 |      25 |   0.0 |   506
         Elf:3 |       0 |   48908 |   0.0 |       0 |      37 |   0.0 |   949
        Bailey |       0 |    1725 |   0.0 |       0 |      37 |   0.0 |   399
       Volcano |       0 |    6818 |   0.0 |       0 |      11 |   0.0 |   199
               +---------+---------+-------+---------+---------+-------+---------
